 Dungeon Crawl Stone Soup version 0.31-a0-806-g0bc164a743 (webtiles) character file.

Game seed: 7462684060430652165

362 CrazyBamboolord the Changeling (level 6, -14/43 HPs)
             Began as a Human Shapeshifter on Sept 21, 2023.
             Demolished by an ogre
             ... wielding a +0 giant club
              (24 damage)
             ... on level 4 of the Dungeon.
             The game lasted 00:05:36 (4111 turns).

CrazyBamboolord the Changeling (Human Shapeshifter) Turns: 4111, Time: 00:05:36

Health: -14/43     AC:  6    Str: 16    XL:     6   Next: 99%
Magic:  6/6        EV: 10    Int: 10    God:
Gold:   330        SH:  0    Dex: 13    Spells: 5/5 levels left

rFire   . .          .
                       - Unarmed
rCold   . . .        (no shield)
rNeg    . . .        p - +0 scale mail
rPois   .            (helmet currently unavailable)
rElec   .            (cloak currently unavailable)
rCorr   .            (gloves currently unavailable)
SInv    .            (boots currently unavailable)
Will    .....        (no amulet) Stlth
                     (no ring)
HPRegen 0.27/turn    (no ring)
MPRegen 0.10/turn

%: no passive effects
@: beast-form
A: beast (slay +3)
a: Begin Untransformation


You were on level 4 of the Dungeon.
You were a hulking beast.
You visited 1 branch of the dungeon, and saw 4 of its levels.

You collected 330 gold pieces.

Inventory:

Armour
 p - a +0 scale mail (worn)
 s - a +0 pair of gloves
Jewellery
 h - a ring of fire
Talismans
 c - a beast talisman (active)
 d - a flux talisman
Scrolls
 a - a scroll of amnesia {unknown}
 f - a scroll of noise
 g - a scroll of vulnerability {unknown}
 j - a scroll of enchant weapon {unknown}
 k - 2 scrolls of revelation
 q - 2 scrolls of fear {unknown}
 r - a scroll of poison {unknown}
 u - a scroll of teleportation {unknown}
 w - a scroll of acquirement {unknown}
 x - 2 scrolls of immolation {unknown}
Potions
 l - a potion of might {unknown}
 m - 2 potions of attraction
 n - a potion of degeneration {unknown}
 o - a potion of haste {unknown}
 t - a potion of ambrosia {unknown}
 v - a potion of resistance {unknown}


   Skills:
 - Level 1.0 Fighting
 - Level 2.0 Dodging
 - Level 3.0 Unarmed Combat
 + Level 6.8 Shapeshifting


You had 5 spell levels left.
You didn't know any spells.
Your spell library contained the following spells:

 Spells                   Type           Power      Damage    Failure   Level
 Ensorcelled Hibernation  Hex/Ice        0%         N/A       91%         2
 Jinxbite                 Hex            0%         N/A       91%         2
 Dazzling Flash           Conj/Hex       0%         N/A       99%         3
 Stone Arrow              Conj/Erth      0%         3d7       99%         3
 Volatile Blastmotes      Fire/Tloc      0%         2d10      99%         3
 Anguish                  Hex/Necr       0%         N/A       100%        4
 Animate Armour           Summ/Erth      0%         N/A       100%        4
 Starburst                Conj/Fire      0%         6d3       100%        6
 Lehudib's Crystal Spear  Conj/Erth      0%         10d2      100%        8
 Maxwell's Capacitive Co  Air            0%         ∞         100%        8


Dungeon Overview and Level Annotations

Branches:
Dungeon (4/15)
 Temple: D:4-7

Altars:
Gozag
Nemelex Xobeh
Okawaru
Qazlal
Zin

Annotations:
D:3 1 exclusion


Message History

A giant cockroach, an ogre and a howler monkey come into view.
The howler monkey howls!
Found a spear.
You hit the giant cockroach.
The giant cockroach is almost dead.
The howler monkey hoots and howls with incredible vigour!
The giant cockroach completely misses you.
You hit the giant cockroach.
You kill the giant cockroach!
You punch the ogre!
The ogre is moderately wounded.
The ogre hits you with a +0 giant club!
The howler monkey hoots and howls with incredible vigour!
You barely miss the ogre.
The ogre is moderately wounded.
You closely miss the ogre.
The ogre is moderately wounded.
The ogre hits you with a +0 giant club!
You hit the ogre.
The ogre is heavily wounded.
The ogre hits you with a +0 giant club!
* * * LOW HITPOINT WARNING * * *
You hit the ogre but do no damage.
The ogre is heavily wounded.
Unknown command.
You feel better.
The howler monkey hoots and howls with incredible vigour!
The ogre barely misses you.
Unknown command.
You hit the ogre.
The ogre is heavily wounded.
You hit the ogre but do no damage.
The ogre is heavily wounded.
The ogre hits you with a +0 giant club.
* * * LOW HITPOINT WARNING * * *
You hit the ogre.
The ogre is severely wounded.
The ogre hits you with a +0 giant club!!
Ouch! That really hurt!
You die...

.#...................).....##.
..)......####.....####........
.........#(.##...##.[#.#......
.........#...##.##...#.#......
.........##...#.#...##........
..........##.†#†#).##.......##
...........###)).###.........#
...............8...)..........
...........###..h###....###...
..........##.'#.#Oh##...##....
.).....#.##...#.#...##..##. ..
....##.#.#...##.##...#.###.
....##.#.#..##...##.)#.....
#...##...####.....####...#.
#..#.#.....................
........#..)..............†##
....###.##..................#


You could see an ogre and a howler monkey.

Vanquished Creatures
  A black bear (D:4)
  An orc priest (D:4)
  A sleepcap (D:4)
  2 iguanas (D:4)
  4 gnolls
  5 adders
  A dart slug (D:4)
  6 orcs (D:4)
  11 ball pythons
  9 endoplasms
  4 giant cockroaches
  7 goblins
  7 hobgoblins
  6 kobolds
  4 quokkas
  4 bats
  2 frilled lizards (D:1)
  3 rats
78 creatures vanquished.

Notes
Turn   | Place    | Note
-------+----------+-------------------------------------------
     0 | D:1      | CrazyBamboolord the Human Shapeshifter began the quest for
                  | the Orb.
     0 | D:1      | Reached XP level 1. HP: 15/15 MP: 1/1
   159 | D:1      | Reached XP level 2. HP: 17/21 MP: 2/2
   465 | D:1      | Reached XP level 3. HP: 24/26 MP: 3/3
  1074 | D:2      | Reached skill level 4 in Shapeshifting
  1314 | D:2      | Reached XP level 4. HP: 29/32 MP: 4/4
  1939 | D:3      | Found a sparkling altar of Nemelex Xobeh.
  2225 | D:3      | Found a faded altar of an unknown god.
  2272 | D:3      | Found a glowing silver altar of Zin.
  2309 | D:3      | Found an opulent altar of Gozag.
  2666 | D:3      | Found a stormy altar of Qazlal.
  2936 | D:4      | Noticed a black bear
  2954 | D:4      | HP: 1/32 [black bear (3)]
  2960 | D:4      | Killed a black bear
  2961 | D:4      | Reached skill level 5 in Shapeshifting
  2961 | D:4      | Reached XP level 5. HP: 9/37 MP: 5/5
  3279 | D:3      | Reached XP level 6. HP: 13/43 MP: 6/6
  3444 | D:4      | Reached skill level 6 in Shapeshifting
  3724 | D:4      | Found an iron altar of Okawaru.
  4100 | D:4      | Noticed an ogre
  4111 | D:4      | Demolished by an ogre

Illustrated notes

Levels and vault maps discovered:
D:1:      roderic_octagonal_star, layout_basic, hangedman_decor_clover_reticule,
          due_unseen_surprise
D:2:      layout_loops_ring
D:3:      layout_loops_corners, pdpol_temple_overflow_zin_treasury_gozag_greed,
          mainiacjoe_overflow_six_doors_small, nemelex_spade_bored_becter,
          hellmonk_ecumenical_altar_lost_god
D:4:      cheibrodos_barr_body, layout_cave_pools, kennysheep_little_box

Skill      XL: |  1  2  3  4  5  6 |
---------------+-------------------+-----
Shapeshifting  | 4 5 6 |  6.8
Fighting       | |  1.0
Dodging        | |  2.0
Unarmed Combat | |  3.0

Action                     |  1- 3 |  4- 6 || total
---------------------------+-------+-------++-------
  Melee: Unarmed           |    86 |   179 ||   265
         Punch             |       |     5 ||     5
  Evoke: Wand              |       |     1 ||     1
    Use: Scroll            |     1 |     3 ||     4
         Potion            |       |     6 ||     6
   Stab: Sleeping          |     1 |       ||     1
 Armour: Animal skin       |    10 |       ||    10
         Leather armour    |    29 |     4 ||    33
         Scale mail        |       |   113 ||   113
         Skin              |       |    41 ||    41
  Dodge: Dodged            |    44 |    91 ||   135

Table legend: (Time is in decaauts)
 A = Elapsed time spent in this place.
 B = Non-inter-level travel time spent in this place.
 C = Inter-level travel time spent in this place.
 D = Time resting spent in this place.
 E = Time spent auto-exploring this place.
 F = Levels seen in this place.
 G = Mean time per level.
                   A        B        C        D        E       F      G
               +--------+--------+--------+--------+--------+-----+--------+
         Total |   4098 |   3832 |    266 |    568 |   2592 |   4 | 1024.5 |
       Dungeon |   4098 |   3832 |    266 |    568 |   2592 |   4 | 1024.5 |
               +--------+--------+--------+--------+--------+-----+--------+

Top non-repeatable levels by time:
     D:3: 1245 daAuts
     D:1: 1150 daAuts
     D:4: 910 daAuts
     D:2: 791 daAuts
